 Dungeon Crawl Stone Soup version 0.27-a0-909-g0721f309d1 (webtiles) character file.

Game seed: 12825671780875293187

444 pepper333 the Skirmisher (level 6, -1/49 HPs)
             Began as a Demonspawn Abyssal Knight on Apr 9, 2021.
             Was a Believer of Lugonu.
             Slain by an iguana (14 damage)
             ... on level 5 of the Dungeon.
             The game lasted 00:09:06 (5061 turns).

pepper333 the Skirmisher (DsAK)                     Turns: 5061, Time: 00:09:07

Health: -1/49      AC:  3    Str: 13    XL:     6   Next: 72%
Magic:  7/7        EV: 12    Int: 13    God:    Lugonu [**....]
Gold:   190        SH:  0    Dex: 16    Spells: 5/5 levels left

rFire    . . .     SeeInvis .   s - +3 flail (protect)
rCold    . . .     Faith    .   (no shield)
rNeg     . . .     Spirit   .   b - +0 leather armour
rPois    .         Reflect  .   o - +0 hat
rElec    .         Harm     .   (no cloak)
rCorr    .         Rampage  .   (no gloves)
Will     .....                  (no boots)
Stlth    +++.......             (no amulet)
HPRegen  0.16/turn              (no ring)
MPRegen  0.10/turn              (no ring)

@: no status effects
A: talons 1, thin skeletal structure 1, demonic guardian 1
a: Renounce Religion, Depart the Abyss, Bend Space


You were on level 5 of the Dungeon.
You worshipped Lugonu.
Lugonu was pleased with you.
You visited 1 branch of the dungeon, and saw 5 of its levels.
You visited the Abyss 1 time.

You collected 190 gold pieces.

Inventory:

Hand Weapons
 a - a +1 short sword
 m - a +0 whip of flaming
 s - a +3 flail of protection (weapon)
Armour
 b - a +0 leather armour (worn)
 o - a +0 hat (worn)
Magical Staves
 u - a staff of conjuration
Jewellery
 p - a +6 ring of dexterity
Scrolls
 d - a scroll of identify {unknown}
 e - a scroll of enchant weapon
 f - a scroll of amnesia {unknown}
 g - a scroll of summoning {unknown}
 h - a scroll of fog {unknown}
 k - a scroll of acquirement {unknown}
 l - 2 scrolls of teleportation {unknown}
 n - a scroll of torment {unknown}
 q - a scroll of enchant armour {unknown}
 t - a scroll of holy word {unknown}
Potions
 c - a potion of haste {unknown}
 j - a potion of heal wounds {unknown}
 r - a potion of resistance {unknown}


   Skills:
 + Level 4.3 Fighting
 + Level 3.6 Short Blades
 + Level 1.2 Maces & Flails
 + Level 3.7 Armour
 + Level 2.3 Dodging
 + Level 1.2 Stealth
 + Level 2.4 Invocations


You had 5 spell levels left.
You didn't know any spells.
Your spell library contained the following spells:

 Spells                   Type           Power      Damage    Failure   Level
 Corona                   Hex            0%         N/A       36%         1
 Magic Dart               Conj           0%         1d3       36%         1
 Ensorcelled Hibernation  Hex/Ice        0%         N/A       50%         2
 Searing Ray              Conj           0%         3d3       50%         2
 Confusing Touch          Hex            0%         N/A       75%         3
 Dazzling Flash           Conj/Hex       0%         N/A       75%         3
 Gell's Gravitas          Tloc           0%         N/A       75%         3
 Tukima's Dance           Hex            0%         N/A       75%         3
 Fulminant Prism          Conj/Hex       0%         3d6       98%         4
 Iskenderun's Mystic Bla  Conj/Tloc      0%         2d3       98%         4
 Petrify                  Tmut/Erth      0%         N/A       98%         4
 Metabolic Englaciation   Hex/Ice        0%         N/A       100%        5
 Yara's Violent Unravell  Hex/Tmut       0%         3d3       100%        5


Dungeon Overview and Level Annotations

Branches:
Dungeon (5/15)
 Temple: D:4-7

Altars:
Elyvilon
Xom

Shops:
D:2 (


Innate Abilities, Weirdness & Mutations

You have sharp toenails.
You have a somewhat thin skeletal structure. (Dex +2, Stealth)
A weak demonic guardian rushes to your aid.


Message History

The iguana misses you.
You hit the iguana but do no damage. The iguana completely misses you.
You hit the iguana but do no damage. The iguana closely misses you.
The iguana bites you but does no damage.
You hit the iguana.
The iguana is lightly wounded.
The iguana closely misses you.
You closely miss the iguana.
The iguana is lightly wounded.
The iguana bites you!
You hit the iguana.
The iguana is lightly wounded.
The iguana bites you. The iguana closely misses you.
You barely miss the iguana. Your kick misses the iguana.
The iguana is lightly wounded.
The iguana bites you but does no damage.
You completely miss the iguana.
The iguana is lightly wounded.
The iguana bites you.
You hit the iguana. You claw the iguana.
The iguana is heavily wounded.
The iguana closely misses you. The iguana bites you.
You closely miss the iguana.
The iguana is heavily wounded.
The iguana bites you.
* * * LOW HITPOINT WARNING * * *
You feel better.
The iguana bites you but does no damage.
As you read the scroll labelled QYUHOYV HOXKI, it crumbles to dust.
It is a scroll of enchant weapon.
Your +2 flail of protection glows red for a moment.
The iguana bites you!
* * * LOW HITPOINT WARNING * * *
You barely miss the iguana.
The iguana is heavily wounded.
The iguana bites you but does no damage.
You barely miss the iguana.
The iguana is heavily wounded.
The iguana barely misses you. The iguana bites you!
You die...

..............
....8...8....
............
###....⌠....###
##.............#
......8...8.....
.......l........
###..@8...#
#.##.....##
#..##...##
#...##.##
##....#'#####
............#
............####
................
................


You could see an iguana.

Vanquished Creatures
  Menkaure (D:5)
  A water moccasin skeleton (D:5)
  A howler monkey (D:5)
  A hound (D:4)
  A jelly (D:5)
  Natasha (twice) (D:3)
  2 adders
  3 dart slugs
  6 orcs (D:3)
  4 ball pythons
  3 bats
  3 endoplasms
  6 giant cockroaches
  A goblin (D:4)
  2 hobgoblins (D:1)
  4 quokkas
  A frilled lizard (D:1)
  5 kobolds
  A rat (D:1)
48 creatures vanquished.

Vanquished Creatures (collateral kills)
  2 hounds (D:4)
  An orc (D:4)
  An endoplasm (D:2)
  A goblin (D:5)
  2 bats (D:3)
7 creatures vanquished.

Grand Total: 55 creatures vanquished

Notes
Turn   | Place    | Note
-------+----------+-------------------------------------------
     0 | Abyss:1  | pepper333 the Demonspawn Abyssal Knight began the quest for
                  | the Orb.
     0 | Abyss:1  | Reached XP level 1. HP: 18/18 MP: 2/2
    54 | Abyss:1  | Noticed a stone giant skeleton
    58 | D:1      | Escaped the Abyss
   374 | D:1      | Gained mutation: A weak demonic guardian rushes to your
                  | aid. [demonic ancestry]
   374 | D:1      | Reached XP level 2. HP: 24/24 MP: 3/3
  1381 | D:2      | Reached skill level 1 in Dodging
  1412 | D:2      | Found Pashrapn's Antique Weapon Boutique.
  1578 | D:2      | Gained mutation: You have sharp toenails. [demonic
                  | ancestry]
  1578 | D:2      | Reached XP level 3. HP: 24/30 MP: 4/4
  2585 | D:3      | Found a faded altar of an unknown god.
  2704 | D:3      | Noticed Natasha
  2712 | D:3      | Killed Natasha
  2712 | D:3      | Reached ** piety under Lugonu
  2713 | D:3      | Reached XP level 4. HP: 16/37 MP: 5/5
  3256 | D:3      | Noticed Natasha
  3265 | D:3      | Killed Natasha
  4066 | D:4      | Reached XP level 5. HP: 6/42 MP: 6/6
  4069 | D:4      | Reached skill level 4 in Fighting
  4090 | D:5      | Entered Level 5 of the Dungeon
  4652 | D:4      | Found a shimmering altar of Xom.
  4746 | D:5      | Reached skill level 1 in Stealth
  4749 | D:5      | Gained mutation: You have a somewhat thin skeletal
                  | structure. (Dex +2, Stealth) [demonic ancestry]
  4749 | D:5      | Reached XP level 6. HP: 41/48 MP: 7/7
  4759 | D:5      | Noticed Menkaure
  4769 | D:5      | Killed Menkaure
  5025 | D:5      | Reached skill level 1 in Maces & Flails
  5061 | D:5      | Slain by an iguana

Illustrated notes

Levels and vault maps discovered:
D:1:      lemuel_arrival_behind_the_door_large, layout_loops_ring,
          lemuel_flame_loot_1
D:2:      layout_rooms, serial_shops, nicolae_shop_window_shopping,
          minmay_misc_feat_tower
D:3:      layout_loops_corners, basic_ecumenical_altar,
          nicolae_underground_beach, uniq_natasha
D:4:      layout_rooms, nicolae_overflow_hidden_temple, elyvilon_altar_5,
          gup_sewer_entry_bowl
D:5:      layout_gridville, minmay_overflow_temple_star_hex, serial_shops,
          nicolae_shop_crystal, uniq_menkaure, uniq_edmund, uniq_duvessa

Skill      XL: |  1  2  3  4  5  6 |
---------------+-------------------+-----
Short Blades   | 2 3 |  3.6
Armour         | 2 3 |  3.7
Dodging        | 1 2 |  2.3
Fighting       | 4 |  4.3
Stealth        | 1 |  1.2
Maces & Flails | 1 |  1.2
Invocations    | |  2.4

Action                   |  1- 3 |  4- 6 || total
-------------------------+-------+-------++-------
Melee: Short sword       |   102 |    87 ||   189
       Kick              |    11 |    23 ||    34
       Flail             |       |    47 ||    47
  Use: Potion            |       |     3 ||     3
       Scroll            |       |     1 ||     1
 Stab: Sleeping          |     1 |       ||     1
Armor: Leather armour    |    29 |    41 ||    70
Dodge: Dodged            |    77 |   111 ||   188

Table legend: (Time is in decaauts)
 A = Elapsed time spent in this place.
 B = Non-inter-level travel time spent in this place.
 C = Inter-level travel time spent in this place.
 D = Time resting spent in this place.
 E = Time spent auto-exploring this place.
 F = Levels seen in this place.
 G = Mean time per level.
                   A        B        C        D        E       F      G
               +--------+--------+--------+--------+--------+-----+--------+
         Total |   5084 |   4996 |     88 |   1057 |   2877 |   6 |  847.3 |
       Dungeon |   5026 |   4938 |     88 |   1057 |   2823 |   5 | 1005.2 |
         Abyss |     58 |     58 |      0 |      0 |     54 |   1 |   58.0 |
               +--------+--------+--------+--------+--------+-----+--------+

Top non-repeatable levels by time:
     D:3: 1737 daAuts
     D:1: 1247 daAuts
     D:2: 738 daAuts
     D:4: 692 daAuts
     D:5: 609 daAuts
 Abyss:1: 58 daAuts
